Cogmind - Beta 13 @@@ ROGUE MODE // 2024.04.13 @ 14:37:24 Player: Bort Result: Self-destructed Performance ------------- Evolutions (1) 500 Regions Visited (2) 400 Robots Destroyed (13) 65 Value Destroyed (320) 320 Prototype IDs (0) 0 Alien Tech Used (0) 0 Bonus (0) 0 TOTAL SCORE: 1285 Bonus ------- None Cogmind --------- Core Integrity 331/400 Matter 164/300 Energy 22/100 System Corruption 4% Temperature Cool (6) Movement Flying (32) Location -9/Materials Parts ------- > --- POWER (2) -------- (None) > --- PROPULSION (3) --- Cesium-ion Thruster Cesium-ion Thruster > --- UTILITY (2) ------ Small Storage Unit > --- WEAPON (2) ------- EMP Blaster > --- INVENTORY (8) ---- Medium Matter Pod (0) EMP Blaster Peak State ------------ > --- POWER ------------ Ion Engine > --- PROPULSION ------- Cesium-ion Thruster Cesium-ion Thruster Cesium-ion Thruster > --- UTILITY ---------- Small Storage Unit Shield Generator > --- WEAPON ----------- Assault Rifle EMP Blaster > --- INVENTORY -------- Improved Treads Medium Matter Pod EMP Blaster [Rating: 16] Favorites ----------- Power Ion Engine Engine Ion Engine Propulsion Aluminum Leg Treads Improved Treads Leg Aluminum Leg Flight Unit Cesium-ion Thruster Utility Small Storage Unit Device Shield Generator Storage Small Storage Unit Weapon Small Laser Energy Gun Small Laser Ballistic Gun Assault Rifle Launcher EMP Blaster Special Weapon Welding Torch Build | -11 -10 -9 ------- Run | Yrd Mat Mat Slots Evolved 2 | . . 2 Power 1 | . . 1 Propulsion 1 | . . 1 Utility . | . . . Weapon . | . . . Parts Attached 23 | 6 12 5 Power 2 | 1 . 1 Engine 2 | 1 . 1 Core . | . . . Reactor . | . . . Propulsion 10 | 2 4 4 Treads 3 | . 2 1 Leg 4 | 2 2 . Wheel . | . . . Hover . | . . . Flight 3 | . . 3 Utility 4 | 1 3 . Device 1 | . 1 . Storage 3 | 1 2 . Processor . | . . . Hackware . | . . . Protection . | . . . Artifact . | . . . Weapon 7 | 2 5 . Energy Gun 3 | 2 1 . Energy Cannon . | . . . Ballistic Gun 1 | . 1 . Ballistic Cannon . | . . . Launcher 2 | . 2 . Special Weapon 1 | . 1 . Impact Weapon . | . . . Slashing Weapon . | . . . Piercing Weapon . | . . . Special Melee Weapon . | . . . Unidentified Prototypes . | . . . Corrupted Parts 1 | . . 1 System Corruption 4 | . . 4 Parts Lost 3 | . . 3 Power 1 | . . 1 Propulsion 1 | . . 1 Utility . | . . . Weapon 1 | . . 1 Highest Loss Streak 3 | . . 3 To Critical Strikes . | . . . Average Slot Usage (%) 89 | . 94 81 Engine 12 | . 14 11 Treads 9 | . 6 16 Leg 14 | . 21 . Flight 3 | . . 11 Device 5 | . 3 9 Storage 16 | . 19 11 Energy Gun 13 | . 21 . Ballistic Gun 4 | . . 11 Launcher 8 | . 6 11 Naked Turns . | . . . Heaviest Build 20 | 12 20 18 Greatest Support 66 | 20 46 66 Greatest Overweight (x) 3 | . . 3 Average Overweight (x) . | . . . Largest Inventory Capacity 8 | 8 8 8 Average Capacity 7 | 6 7 8 Most Carried 5 | 3 4 5 Average Carried 1 | . 1 2 Final Capacity 8 | 8 8 8 Final Carried 2 | . 2 2 Class Distribution -------------------- 100% | Mutant Dominant Class ---------------- Mutant | -10/Materials Mutant | -9/Materials Resources | -11 -10 -9 ----------- Run | Yrd Mat Mat Matter Collected 354 | 203 91 60 Remotely . | . . . Salvage Created 482 | . 103 379 Parts 27 | . 4 23 Haulers Intercepted . | . . . Recyclers Shooed 1 | . . 1 Parts Field Recycled . | . . . Retrieved Matter . | . . . Parts Self-Destructed . | . . . Prevented . | . . . Kills | -11 -10 -9 ------- Run | Yrd Mat Mat Combat Hostiles Destroyed 6 | . 2 4 Guns 3 | . 2 1 AOE 2 | . . 2 Classes Destroyed 6 | . 2 4 Builder 4 | . . 4 Recycler 1 | . . 1 Operator 1 | . 1 . Watcher 1 | . . 1 Grunt 4 | . 2 2 Sentry 2 | . . 2 Best Kill Streak 9 | . 2 9 Combat Bots Only 3 | . 2 3 Max Kills in Single Turn 3 | . 1 3 Gunslinging . | . . . Exploded 1 | . . 1 Melee . | . . . Uniques/NPCs Destroyed . | . . . Combat | -11 -10 -9 -------- Run | Yrd Mat Mat Hostile Shots Fired 60 | . 22 38 Missed 18 | . 6 12 Damage Taken 566 | . 250 316 Core 128 | . 59 69 Absorbed by Shields 60 | . 10 50 Core Remaining (%) 88 | 100 76 . Volleys Fired 27 | . 12 15 Largest 2 | . 2 2 Hottest 80 | . 80 53 Shots Fired 46 | . 24 22 Gun 33 | . 22 11 Cannon . | . . . Launcher 13 | . 2 11 Special . | . . . Kinetic 11 | . . 11 Thermal 22 | . 22 . Explosive . | . . . Electromagnetic 13 | . 2 11 Robot Hit Streak 10 | . 10 10 Robot Miss Streak 3 | . 2 3 Penetration Max . | . . . Secondary Targets . | . . . Shots Hit Robots 32 | . 17 15 Core Hits 23 | . 8 15 Critical Kills . | . . . Critical Parts Destroyed . | . . . Critical Strikes . | . . . Melee Attacks . | . . . Impact . | . . . Slashing . | . . . Piercing . | . . . Sneak Attacks . | . . . Combat Hostiles . | . . . Follow-up Attacks . | . . . Damage Inflicted 947 | . 242 705 Guns 290 | . 195 95 Cannons . | . . . Explosions 639 | . 31 608 Melee . | . . . Ramming 18 | . 16 2 Kinetic 95 | . . 95 Thermal 355 | . 195 160 Explosive . | . . . Electromagnetic 479 | . 31 448 Impact . | . . . Slashing . | . . . Piercing . | . . . Highest Corruption 4 | . 3 4 Average Corruption 3 | . 2 4 Corruption Purged . | . . . Corruption Blocked . | . . . Effects 4 | . 1 3 Heat Flow Errors 1 | . 1 . Parts Rejected 1 | . . 1 Alerts 1 | . . 1 Weapon Failures 1 | . . 1 Overload Shots . | . . . Overflow Damage . | . . . Projectiles . | . . . Explosions . | . . . Melee . | . . . Knockbacks 1 | . 1 . Impact 1 | . 1 . Kinetic . | . . . Secondary . | . . . Self-Inflicted Damage 64 | . 39 25 Shots 7 | . 2 5 Rammed 2 | . 1 1 Targets Rammed 3 | . 2 1 Kicked 1 | . 1 . Crushed . | . . . Highest Temperature 241 | . 241 20 Average Temperature 87 | . 99 9 Received Heat Transfer 266 | . 120 146 Siege Activations . | . . . Robots Corrupted 1 | . . 1 Combat Hostiles 1 | . . 1 Parts Fried 2 | . . 2 Impact Corruptions . | . . . Robots Melted . | . . . Combat Hostiles . | . . . Parts Melted 2 | . 1 1 Heat Transferred 700 | . 450 250 Parts Sabotaged . | . . . Parts Stolen . | . . . Parts Stripped . | . . . Power Chain Reactions 2 | . . 2 Alert | -11 -10 -9 ------- Run | Yrd Mat Mat Peak Influence 230 | . 115 230 Initial 48 | . . 48 Average 63 | . 57 102 Maximum Alert Level 1 | . . 1 Low Security (%) 97 | 100 100 92 Level 1 2 | . . 7 Level 2 . | . . . Level 3 . | . . . Level 4 . | . . . Level 5 . | . . . High Security . | . . . Max Security . | . . . Squads Dispatched 1 | . 1 . Investigation . | . . . Extermination . | . . . Reinforcement 1 | . 1 . Assault . | . . . Garrison . | . . . Intercept . | . . . Searches Triggered . | . . . Construction Impeded . | . . . Haulers Reinforced . | . . . Active Scanning Responses . | . . . Cargo Convoy Interrupts . | . . . Stealth | -11 -10 -9 --------- Run | Yrd Mat Mat Distress Signals 1 | . . 1 Communications Jammed . | . . . Distress Signals . | . . . Times Spotted 16 | . 8 8 Peak Tracking Total 4 | . 3 4 Tactical Retreats . | . . . Traps | -11 -10 -9 ------- Run | Yrd Mat Mat Traps Triggered 1 | . 1 . Indirectly . | . . . Trap Hack Attempts . | . . . Triggered . | . . . Disarmed . | . . . Reprogrammed . | . . . Reused . | . . . Traps Extracted . | . . . Installed . | . . . Triggered . | . . . Machines | -11 -10 -9 ---------- Run | Yrd Mat Mat Machines Disabled 1 | . . 1 Max in Single Turn 1 | . . 1 Machines Repaired . | . . . Machines Dismantled . | . . . Machines Sabotaged . | . . . Overloaded Fab Kills . | . . . Hacking | -11 -10 -9 --------- Run | Yrd Mat Mat Machines Accessed . | . . . Terminals . | . . . Fabricators . | . . . Repair Stations . | . . . Recycling Units . | . . . Scanalyzers . | . . . Garrison Access . | . . . Total Hacks . | . . . Successful . | . . . Failed . | . . . Catastrophic . | . . . Database Lockouts . | . . . Manual . | . . . Terminals . | . . . Fabricators . | . . . Repair Stations . | . . . Recycling Units . | . . . Scanalyzers . | . . . Garrison Access . | . . . Terminal Hacks . | . . . Fabricator Hacks . | . . . Repair Station Hacks . | . . . Recycling Unit Hacks . | . . . Scanalyzer . | . . . Garrison Access Hacks . | . . . Unauthorized Hacks . | . . . Terminals . | . . . Fabricators . | . . . Repair Stations . | . . . Recycling Units . | . . . Scanalyzers . | . . . Garrison Access . | . . . Data Cores Recovered . | . . . Used . | . . . Hacking Detections . | . . . Full Trace Events . | . . . Feedback Events . | . . . Feedback Blocked . | . . . Robot Schematics Acquired . | . . . Robots Built . | . . . Authchips . | . . . Time . | . . . Total Robot Build Rating . | . . . Part Schematics Acquired . | . . . Parts Built . | . . . Authchips . | . . . Time . | . . . Total Part Build Rating . | . . . Parts Repaired . | . . . Time . | . . . Parts Recycled . | . . . Recycled Matter . | . . . Retrieved Matter . | . . . Retrieved Components . | . . . Parts Scanalyzed . | . . . Part Schematics Acquired . | . . . Parts Damaged . | . . . Bothacking | -11 -10 -9 ------------ Run | Yrd Mat Mat Used RIF Installer . | . . . Robots Hacked . | . . . Non-combat . | . . . Combat . | . . . Robot Hacks Applied . | . . . Relay Couplers Released . | . . . Fabnet Peak Effective % . | . . . Robots Rewired . | . . . Allies Hacked . | . . . Hacks Repelled . | . . . Allies | -11 -10 -9 -------- Run | Yrd Mat Mat Total Allies . | . . . Largest Group . | . . . Highest-Rated Group . | . . . Highest-Rated Ally . | . . . Total Orders . | . . . Ally Attacks . | . . . Total Damage . | . . . Kills . | . . . Allies Corrupted . | . . . Allies Melted . | . . . Intel | -11 -10 -9 ------- Run | Yrd Mat Mat Robot Analysis Total . | . . . Derelict Logs Recovered . | . . . Drone Launches . | . . . Drone Recoveries . | . . . Exploration | -11 -10 -9 ------------- Run | Yrd Mat Mat Turns Passed 637 | 80 366 191 Spaces Moved 377 | 60 226 91 Core 19 | 19 . . Treads 108 | . 46 62 Legs 221 | 41 180 . Wheels . | . . . Hover . | . . . Flight 29 | . . 29 Fastest Speed 50 | 50 120 109 Average Speed 127 | 97 128 147 Slowest Speed 275 | 120 160 275 Overloaded Moves . | . . . Propulsion Burnouts . | . . . Robots Hopped . | . . . Cave-ins Triggered . | . . . Exploration Rate (%) 18 | 5 39 11 Regions Visited 2 Branch Regions . Pre-discovered Areas . | . . . Known Exits Taken . | . . . Unknown Exits Taken 2 | 1 1 . Scrap Searched . | . . . Spaces Dug . | . . . Terrain Destroyed 5 | . . 5 Melee . | . . . Projectile . | . . . AOE 5 | . . 5 Terrain Rammed . | . . . Walls Destroyed . | . . . Machines Disabled . | . . . Actions | -11 -10 -9 --------- Run | Yrd Mat Mat Total 485 | 81 276 128 Wait 19 | 10 8 1 Move 375 | 59 225 91 Hop . | . . . Pick Up 24 | 6 10 8 Fast Attach . | . . . Attach 12 | 6 1 5 Detach . | . . . Swap 11 | . 11 . Drop 14 | . 7 7 Fire 27 | . 12 15 Melee . | . . . Ram 1 | . . 1 Kick 1 | . 1 . Crush 1 | . 1 . Escape Stasis . | . . . Rewire . | . . . Trap . | . . . Miscellaneous . | . . . Route ------- -11/Scrapyard -10/Materials (discovered 3 exits: [*Mat x2] / [*Min]) -9/Materials History --------- Turn | Location | Event 7 | -11/Scrapyard | Discovered new exit (range 15) 81 | -11/Scrapyard | Entered Materials 140 | -10/Materials | Discovered new exit (range 8) 183 | -10/Materials | Discovered new exit (range 16) 315 | -10/Materials | Build established: Mutant 441 | -10/Materials | Discovered new exit (range 3) 447 | -10/Materials | Entered another Materials area 447 | -9/Materials | Evolved 2 slots: Power x1, Propulsion x1 638 | -9/Materials | Self-destructed Last Messages --------------- 00618_ Destroyed Welding Torch. 00618_ Chain reaction triggered in Corrupted Lgt. Ion Engine. 00618_ U-05 Engineer destroyed. 00618_ Terrain Scan Processor melted. 00618_ U-05 Engineer destroyed. 00618_ W-16 Scout destroyed. 00621_ R-06 Scavenger destroyed. 00623_ G-47 Trooper reactivates. 00624_ G-34 Mercenary destroyed. 00629_ K-01 Serf collects debris. 00630_ Chain reaction triggered in Corrupted Lgt. Ion Engine. 00630_ Cesium-ion Thruster destroyed. 00631_ G-47 Trooper system terminally corrupted. [Achievement: Power Corrupts] 00631_ Lgt. Nuclear Core fried. 00632_ K-01 Serf collects debris. 00633_ Assault Rifle destroyed. 00633_ Slammed into K-01 Serf. 00636_ K-01 Serf destroyed. 00636_ Ion Engine destroyed. Map ----- +----------------------------------------------------+ | ???????????????????????????????????????? | | ???????????????????????????????????????? | | ???????????????????????????????????????? | | ???????????????????????????????????????? | | ???????????????????????????????????????? | | ???????????????????????????????????????? | | ???????????????????????????????????????? | | ???????????????????????????????????????? | | ???????????????????????????????????????? | | ???????????????????????????????????????? | | ???????????????????????????????????????? | | ???????????????????????????????????????? | | ??????????? ???????????????????????????? | | ??????????? ??????#####????????????????? | | ??????????? ?????? #????????????????? | | ???????# ?????? #????????????????? | | ???????# ???"" #????????????????? | | #??????# #?"""" #????????????????? | | #??????# #""""" #????????????????? | | #??????# #""""" ?????????????????? | | #??????# # """ ??????????????????? | | #??????# #?? ???????????????????? | | #??????# #####/###??????????????????? | | +?????## %= #########??????????? | | #?????# Y |!! #??????????? | | #?????# [%= ! !@ #??????????? | | ##????# %r=g =%= +??????????? | | #????# ; %=[ ##### #??????????? | | #????# ##%#####???# #??????????? | | T ###### ## #???????# #??????????? | | ## #???????# #??????????? | | ###### ## #???????# #??????????? | | ####### #### #???????# #??????????? | | ## #??# #???????# #??????????? | | ##!!= !!#??# ???????? ??????????? | | ## ! !!#??? ???????? ??????????? | | #########??? ???????? ?????????? | | #??????######+##?????? ?????????? | | #????? #?????? ### ????????? | | #????? #?????? ????????????? | | #???? #?????? ????????????? | | #???? #????????????????????? | | #??? #????????????????????? | | #### #????????????????????? | | + #????????????????????? | | ############????????????????????????? | | ####???????????????????????????????????? | | ???????????????????????????????????????? | | ???????????????????????????????????????? | | ???????????????????????????????????????? | +----------------------------------------------------+ Best States ------------- Heat Dissipation 28 Energy Generation 10 Energy Capacity 250 Matter Stores 300 Matter Capacity 400 Sight Range 16 Terrain Scan Density 10 Evasion (%) 55 Recoil Reduction 3 Item Schematics ----------------- None Robot Schematics ------------------ None Fabricated ------------ Nothing Alien Tech Used ----------------- None Achievements -------------- Let's See Who's Tougher Power Corrupts Challenges ------------ None Game ------ Seed HeatPotentialBoomstick Manual? 0 Play Time 00:13:05 Cumulative 3.0 hours Start 2024.04.13 @ 14:24:31 End 2024.04.13 @ 14:37:24 Sessions 1 Manual Loads 0 Difficulty Rogue Special Mode None Game No. 7 Rogue 7 Adventurer 0 Explorer 0 Win Type - Total 0 Types 0/0/0/0/0/0/0/0/0 Lore% 4 Gallery% 10 Achievement% 8 Wizard Run 0 Options --------- Layout 1 ASCII 0 Keyboard 0 Movement Numpad Keybinds 0 Fullscreen 1 Font 24/Smallcaps Map View 38x17 Zoom Use 99% Tactical HUD 1 Map Filters NONE Filters NONE Steam 1 RUN: 5bc9a435-56fc-450f-a66e-35aac7648130